 Dungeon Crawl Stone Soup version 0.30-a0-1161-g0704695555 (webtiles) character file.

Game seed: 11904845676265982939

23 vineage the Covered (level 3, -1/23 HPs)
             Began as a Gargoyle Fighter on Apr 27, 2023.
             Killed from afar by Sigmund (3 damage)
             ... with a magic dart
             ... on level 2 of the Dungeon.
             The game lasted 00:01:11 (924 turns).

vineage the Covered (Gargoyle Fighter)               Turns: 924, Time: 00:01:12

Health: -1/23      AC: 10    Str: 21    XL:     3   Next: 0%
Magic:  3/3        EV:  9    Int:  8    God:
Gold:   102        SH:  4    Dex:  9    Spells: 2/2 levels left

rFire   . . .        a - +0 flail
rCold   . . .        c - +0 buckler
rNeg    + . .        b - +0 scale mail
rPois   ∞            (no helmet)
rElec   +            (no cloak)
rCorr   .            (no gloves)
SInv    .            (no boots)
Will    .....        (no amulet) Stlth
                     (no ring)
HPRegen 0.23/turn    (no ring)
MPRegen 0.08/turn

%: no passive effects
@: mighty, slowed, very slow
A: sickness immunity, AC +3, negative energy resistance 1, electricity
resistance, torment resistance 1, petrification resistance
a: no special abilities


You were on level 2 of the Dungeon.
You visited 1 branch of the dungeon, and saw 2 of its levels.

You collected 102 gold pieces.

Inventory:

Hand Weapons
 a - a +0 flail (weapon)
Armour
 b - a +0 scale mail (worn)
 c - a +0 buckler (worn)
Scrolls
 e - a scroll of torment
 f - a scroll of enchant weapon {unknown}


   Skills:
 + Level 3.5 Fighting
 * Level 2.6 Maces & Flails
 + Level 3.5 Armour
 + Level 3.5 Shields


You had 2 spell levels left.
You didn't know any spells.
Your spell library was empty.

Dungeon Overview and Level Annotations

Branches:
Dungeon (2/15)

Altars:

Shops:
D:2 =

Annotations:
D:2 Jessica, Sigmund


Innate Abilities, Weirdness & Mutations

You are immune to sickness and miasma.
Your stone body is resilient. (AC +3)
You are immune to poison.
You resist negative energy. (rN+)
You are resistant to electric shocks. (rElec)
You are resistant to unholy torment.
You are immune to petrification.


Message History

The magic dart hits you.
Jessica points at you and mumbles some strange words.
You barely resist.
You feel very mighty all of a sudden. Sigmund hits you with a +0 scythe.
Jessica points at you and mumbles some strange words.
Pain shoots through your body!
You barely miss Sigmund. Sigmund closely misses you.
You completely miss Sigmund. You closely miss Sigmund.
Sigmund hits you but does no damage.
Jessica gestures wildly while chanting.
Jessica blinks!
A hobgoblin comes into view.
You barely miss Sigmund.
Sigmund screams, "You will never...
NEVER!!!"
Sigmund says, "I'm your fate." Sigmund barely misses you.
You closely miss Sigmund.
Jessica mumbles some strange words.
Jessica blinks!
You thump Sigmund!
Sigmund is heavily wounded.
Sigmund hits you with a +0 scythe. Jessica closely misses you.
You sock Sigmund!
Sigmund is almost dead.
Sigmund points at you and mumbles some strange words.
The puff of flame hits you.
Jessica gestures wildly while chanting.
Jessica blinks!
Sigmund hits you with a +0 scythe.
* * * LOW HITPOINT WARNING * * *
You closely miss Sigmund.
Sigmund is almost dead.
Jessica points at you and mumbles some strange words.
You feel yourself slow down. The hobgoblin hits you.
* * * LOW HITPOINT WARNING * * *
You barely miss Sigmund.
Sigmund is almost dead.
Sigmund gestures at you while chanting. The magic dart hits you.
You die...

#..# ..#
..# ..#
#.##
#..###
#.@..##.#
#@@....?.
#.g.#....
####
#...# #
$.. #...#
..# #...#
.. #####
#. #. # #


You could see Sigmund, Jessica and a hobgoblin.

Vanquished Creatures
  An endoplasm (D:1)
  3 goblins (D:1)
  4 hobgoblins (D:1)
  2 quokkas
  3 ball pythons (D:1)
  4 bats
  2 frilled lizards (D:1)
  A kobold (D:1)
  2 rats (D:1)
22 creatures vanquished.

Notes
Turn   | Place    | Note
-------+----------+-------------------------------------------
     0 | D:1      | vineage the Gargoyle Fighter began the quest for the Orb.
     0 | D:1      | Reached XP level 1. HP: 14/14 MP: 1/1
   155 | D:1      | Reached XP level 2. HP: 19/19 MP: 2/2
   849 | D:2      | Found Joan's Jewellery Shop.
   910 | D:2      | Reached XP level 3. HP: 22/23 MP: 3/3
   914 | D:2      | Noticed Jessica
   914 | D:2      | Noticed Sigmund
   924 | D:2      | Killed from afar by Sigmund

Illustrated notes

Levels and vault maps discovered:
D:1:      lightli_arrival_maybe_door_vault, layout_basic
D:2:      layout_basic, serial_shops, shop, shop_coins, shop,
          minmay_indecisive_spiral, uniq_jessica, uniq_sigmund

Action                     || total
---------------------------++-------
  Melee: Flail             ||    65
    Use: Scroll            ||     4
         Potion            ||     1
 Armour: Scale mail        ||    26
  Dodge: Dodged            ||    36
  Block: Buckler           ||     9

Table legend: (Time is in decaauts)
 A = Elapsed time spent in this place.
 B = Non-inter-level travel time spent in this place.
 C = Inter-level travel time spent in this place.
 D = Time resting spent in this place.
 E = Time spent auto-exploring this place.
 F = Levels seen in this place.
 G = Mean time per level.
                   A        B        C        D        E       F      G
               +--------+--------+--------+--------+--------+-----+--------+
         Total |    943 |    898 |     45 |      0 |    731 |   2 |  471.5 |
       Dungeon |    943 |    898 |     45 |      0 |    731 |   2 |  471.5 |
               +--------+--------+--------+--------+--------+-----+--------+

Top non-repeatable levels by time:
     D:1: 839 daAuts
     D:2: 104 daAuts
